 Seeded DCSS version 0.29.1-15-g9cfb28693d (webtiles) character file.

Game seed: 11851575853161599096 (custom seed)

34685 Sanktem7 the Cleaver (level 14, -3/113 HPs)
             Began as a Formicid Fighter on Mar 17, 2023.
             Was the Champion of Okawaru.
             Slain by an orc warrior
             ... wielding a +3 glaive
             ... led by Saint Roka
              (26 damage)
             ... on level 2 of the Orcish Mines.
             The game lasted 00:21:54 (14067 turns).

Sanktem7 the Cleaver (Formicid Fighter)            Turns: 14067, Time: 00:21:55

Health: -3/113     AC: 34    Str: 26    XL:     14   Next: 14%
Magic:  17/17      EV: 11    Int:  8    God:    Okawaru [******]
Gold:   1303       SH: 12    Dex:  8    Spells: 13/13 levels left

rFire   + + +      SeeInvis +   W - +6 executioner's axe (drain) {axerare=g}
rCold   . . .      Faith    .   c - +0 buckler
rNeg    + . .      Spirit   .   u - +15 Maxwell's patent armour {-Cast -Tele rElec Will+ rCorr}
rPois   +          Reflect  +   (helmet unavailable)
rElec   +          Harm     .   K - +2 cloak {rF+}
rCorr   +          Rampage  .   r - -1 pair of gloves "Patar" {Will++ Stlth-}
Will    ++++.      NoCast   +   (no boots)
Stlth   ..........              k - amulet "Xalig" {Reflect rF++ rN+ Dex-5 SH+5}
HPRegen 0.28/turn               i - +4 ring of evasion
MPRegen 0.15/turn               a - ring "Jyen" {+Blink rPois Slay+6}

@: no status effects
A: permanent stasis, dig shafts and tunnels, antennae 3, four strong arms
a: Dig, Shaft Self, Renounce Religion, Heroism, Finesse, Duel


You were on level 2 of the Orcish Mines.
You worshipped Okawaru.
Okawaru was exalted by your worship.
You visited 3 branches of the dungeon, and saw 15 of its levels.
You also visited: Gauntlet and Volcano.

You collected 1552 gold pieces.
You spent 249 gold pieces at shops.


Innate Abilities, Weirdness & Mutations

You cannot be hasted, slowed, berserked, paralysed or teleported.
You can dig through walls and to a lower floor.
You have a pair of large antennae on your head. (SInv)
Your four strong arms can wield two-handed weapons with a shield.


   Skills:
 + Level 11.4 Fighting
 * Level 14.3 Axes
 + Level 4.9 Throwing
 + Level 11.6 Armour
 + Level 13.5 Shields
 - Level 5.0 Invocations


You had 13 spell levels left.
You didn't know any spells.
Your spell library contained the following spells:

 Spells                   Type           Power      Damage    Failure   Level
 Magic Dart               Conj           0%         1d3       99%         1
 Shock                    Conj/Air       0%         1d3       99%         1
 Searing Ray              Conj           0%         2d4       99%         2
 Static Discharge         Conj/Air       0%         3-3/arc   99%         2
 Airstrike                Air            0%         2d(0-16)  100%        4
 Fulminant Prism          Conj/Hex       0%         3d6       100%        4
 Alistair's Intoxication  Tmut/Pois      0%         N/A       100%        5
 Borgnjor's Vile Clutch   Necr/Erth      0%         N/A       100%        5
 Iskenderun's Battlesphe  Conj           0%         2d6       100%        5
 Lightning Bolt           Conj/Air       0%         1d11      100%        5
 Dispersal                Tloc           0%         N/A       100%        6
 Eringya's Noxious Bog    Tmut/Pois      0%         N/A       100%        6
 Iron Shot                Conj/Erth      0%         9d1       100%        6
 Disjunction              Tloc           0%         N/A       100%        8
 Maxwell's Capacitive Co  Air            0%         ∞         100%        8
 Swiftness                Air            Unusable   N/A       N/A         3
 Spellforged Servitor     Conj/Summ      Unusable   N/A       N/A         7

Inventory:

Hand Weapons
 S - a +1 whip of flaming {mace}
   (You took it off a gnoll bouda on level 8 of the Dungeon)
 W - a +6 executioner's axe of draining (weapon) {axerare=g}
   (Okawaru gifted it to you on level 11 of the Dungeon)
Missiles
 b - 38 poisoned darts {throwing}
 h - 11 boomerangs {throwing}
 n - 124 stones {throwing}
 o - 10 silver javelins {throwing}
 D - 2 curare-tipped darts {=fthrowing}
 X - 2 javelins {throwing}
Armour
 c - a +0 buckler (worn)
 r - the -1 pair of gloves "Patar" (worn) {Will++ Stlth-}
   (Okawaru gifted it to you on level 10 of the Dungeon)

   Will:      It greatly increases your willpower.
   Stlth:     It makes you less stealthy.
 u - the +15 Maxwell's patent armour (worn) {-Cast -Tele rElec Will+ rCorr}
   (You found it on level 3 of the Dungeon)

   rElec:     It insulates you from electricity.
   -Cast:     It prevents spellcasting.
   -Tele:     It prevents most forms of teleportation.
   rCorr:     It protects you from acid and corrosion.
   Will:      It increases your willpower.
 K - a +2 cloak of fire resistance (worn)
   (You found it in a volcano)
Jewellery
 a - the ring "Jyen" (right hand) {+Blink rPois Slay+6}
   (You acquired it on level 8 of the Dungeon)

   [ring of poison resistance]

   Slay:      It affects your accuracy & damage with ranged weapons and melee
   (+6).
   rPois:     It protects you from poison.
   +Blink:    It lets you blink.
 i - a +4 ring of evasion (left hand)
   (You found it on level 2 of the Dungeon)
 k - the amulet "Xalig" (around neck) {Reflect rF++ rN+ Dex-5 SH+5}
   (You acquired it on level 9 of the Dungeon)

   [amulet of reflection]

   It reflects blocked missile attacks.
   Dex:       It affects your dexterity (-5).
   rF:        It greatly protects you from fire.
   rN:        It protects you from negative energy.
   SH:        It affects your SH (+5).
 x - a ring of poison resistance
   (You found it in a Gauntlet)
 J - an amulet of guardian spirit
   (You took it off a minotaur in a Gauntlet)
 O - the amulet "Kisy" {Reflect Int+4 SH+5}
   (You found it on level 7 of the Dungeon)

   [amulet of reflection]

   It reflects blocked missile attacks.
   Int:       It affects your intelligence (+4).
   SH:        It affects your SH (+5).
 Y - a +6 ring of dexterity
   (You took it off an orc wizard on level 12 of the Dungeon)
Wands
 w - a wand of paralysis (29)
   (You found it on level 4 of the Dungeon)
 G - a wand of flame (74)
   (You found it on level 6 of the Dungeon)
 L - a wand of polymorph (5)
   (You found it in a Gauntlet)
 U - a wand of iceblast (18)
   (You took it off Maurice on level 8 of the Dungeon)
Scrolls
 j - 7 scrolls of teleportation {@r4}
 l - a scroll of fear
 m - 2 scrolls of blinking {!r}
 p - 2 scrolls of poison {!r}
 q - 2 scrolls of noise {!r}
 s - 2 scrolls of immolation {unknown}
 t - a scroll of enchant armour
 y - 3 scrolls of fog
 R - 2 scrolls of identify {@r1}
 V - a scroll of amnesia {unknown}
Potions
 d - 3 potions of might
 e - 15 potions of curing {@q1}
 f - 6 potions of haste {unknown}
 g - 6 potions of brilliance
 v - 3 potions of flight {unknown}
 z - 3 potions of cancellation {unknown}
 A - 4 potions of heal wounds {@q2}
 B - 2 potions of berserk rage {unknown}
 E - a potion of mutation {!q}
 F - a potion of lignification {unknown}
 H - 2 potions of invisibility {unknown}
 P - 2 potions of attraction {!q}
 Q - 2 potions of magic {unknown}
Miscellaneous
 M - a phantom mirror
   (You found it in a Gauntlet)

Dungeon Overview and Level Annotations

Branches:
Dungeon (12/15) Zot: 26140  Temple (1/1) D:5 Zot: 5869    Lair (0/5) D:9
    Orc (2/2) D:12 Zot: 10768     Elf (0/3) Orc:2       Volcano (visited)
Gauntlet (visited)

Altars:
Ashenzari
Cheibriados
Dithmenos
Elyvilon
Fedhas
Gozag
Hepliaklqana
Kikubaaqudgha
Makhleb
Nemelex Xobeh
Okawaru
Qazlal
Ru
Sif Muna
Trog
Uskayaw
Vehumet
Wu Jian
Xom
Yredelemnul
Zin
The Shining One

Shops:
D:4 [   D:5 [   D:7 *   Orc:1 !=?

Annotations:
Orc:2 Saint Roka

##.#...........#.#..........##
##............###............##
##............................#.
#.........#............#........
#.......###...........####......
#......#####..........####......
#.........##...........#.#....)))
###......###.<..).......##......#
#........##..o@...............#
####.....#..o)#..#............#
#...........#.####..........#
##..........### ##<.)......##
##.......### #.........##
##.))[..#.# ###....####
#.......... ##....# #.........##
###### .............#


You could see Saint Roka (drained) and an orc warrior (strong).


Message History

Saint Roka roars a battlecry!
An orc comes into view. It is wielding a +0 flail.
The orc shouts!
The orc moves out of view.
The orc warrior hits you but does no damage.
The orc wizard casts a spell.
The orc wizard flickers and vanishes for a moment.
Saint Roka hits you with a +2 long sword! 😕 HP[-9]
You take 9 damage, and now have 102/113 hp.
You slash Saint Roka! You slice the orc wizard!!
You kill the orc wizard!
Okawaru accepts your kill. You block the orc warrior's attack.
Saint Roka closely misses you.
Saint Roka says, "Down here, you're an orc or you're nobody."
Saint Roka hits you but does no damage.
The orc warrior hits you from afar with a +3 glaive.
You block the orc wizard's attack. 😕 HP[-4]
You take 4 damage, and now have 98/113 hp.
You slash Saint Roka! You slice the orc wizard!!
You kill the orc wizard!
Okawaru accepts your kill. You block the orc warrior's attack.
Saint Roka calls down the wrath of Beogh upon you.
Beogh smites you! 😕 HP[-10]
You take 10 damage, and now have 88/113 hp.
You slash Saint Roka! You closely miss the orc.
The orc warrior hits you from afar with a +3 glaive.
The orc closely misses you.
Saint Roka hits you with a +2 long sword. 😮 HP[-7]
You take 7 damage, and now have 81/113 hp.
You slice Saint Roka!! You slice the orc!!
You kill the orc!
You block the orc warrior's attack.
Saint Roka hits you with a +2 long sword. 😮 HP[-4]
You take 4 damage, and now have 77/113 hp.
You slice Saint Roka!! You drain Saint Roka.
You block the orc warrior's attack. Saint Roka hits you but does no damage.
The orc warrior hits you from afar with a +3 glaive!
Saint Roka says, "In the orcish mines, orcs kill the likes of YOU!"
Saint Roka invokes the aid of Beogh against you.
Beogh smites you!
* * * LOW HITPOINT WARNING * * *
😨 HP[-24]
You take 24 damage, and now have 53/113 hp.
MASSIVE DAMAGE!! (PAUSE)
You hit Saint Roka. You drain Saint Roka.
The orc warrior hits you but does no damage.
Saint Roka hits you but does no damage. 😨 HP[+1]
You hit Saint Roka. The orc warrior completely misses you.
Saint Roka says, "In the orcish mines, orcs kill the likes of YOU!"
Saint Roka invokes the aid of Beogh against you.
Beogh smites you!
* * * LOW HITPOINT WARNING * * *
😨 HP[-15]
You take 15 damage, and now have 39/113 hp.
You hit Saint Roka but do no damage. The orc warrior closely misses you.
Saint Roka calls down the wrath of Beogh upon you.
Beogh smites you!
* * * LOW HITPOINT WARNING * * *
😱 HP[-15]
You take 15 damage, and now have 24/113 hp.
You slash Saint Roka! You block the orc warrior's attack.
You block Saint Roka's attack. 😱 HP[+1]
You slice Saint Roka!! The orc warrior barely misses you.
You block Saint Roka's attack. You block the orc warrior's attack.
Saint Roka mumbles some strange prayers to Beogh against you.
Beogh smites you!
* * * LOW HITPOINT WARNING * * *
😱 HP[-10]
You take 10 damage, and now have 15/113 hp.
You hit Saint Roka. You drain Saint Roka.
The orc warrior no longer looks unusually strong.
The orc warrior hits you from afar with a +3 glaive!
* * * LOW HITPOINT WARNING * * *
You block Saint Roka's attack. 😱 HP[-9]
You take 9 damage, and now have 6/113 hp.
You feel much better. You block the orc warrior's attack.
Saint Roka roars a battlecry!
The orc warrior goes into a battle-frenzy! 😨 HP[+30]
You regained 30 hp, and now have 36/113 hp.
You hit Saint Roka. You drain Saint Roka. The orc warrior misses you.
Saint Roka calls out, "Only Beogh rules here!"
Saint Roka hits you with a +2 long sword!
* * * LOW HITPOINT WARNING * * *
😱 HP[-14]
You take 14 damage, and now have 22/113 hp.
You hit Saint Roka. You drain Saint Roka. The orc warrior closely misses you.
You block Saint Roka's attack.
You slash Saint Roka!
The orc warrior hits you from afar with a +3 glaive!!
You die...

Skill      XL: |  1  2  3  4  5  6  7  8  9 10 11 12 13 |
---------------+----------------------------------------+-----
Axes           | 3 4 5 6 8 9 11 12 14 | 14.3
Armour         | 4 5 6 7 8 9 10 11 | 11.6
Fighting       | 4 5 6 7 8 9 10 11 | 11.4
Shields        | 5 6 7 8 9 11 12 13 | 13.5
Invocations    | 2 4 5 |  5.0
Throwing       | 2 4 |  4.9

Action                   |  1- 3 |  4- 6 |  7- 9 | 10-12 | 13-15 || total
-------------------------+-------+-------+-------+-------+-------++-------
Melee: War axe           |    66 |    98 |   252 |   303 |       ||   719
       Broad axe         |       |       |       |     6 |    62 ||    68
       Executioner's axe |       |       |       |       |   246 ||   246
Invok: Heroism           |       |       |       |     1 |     1 ||     2
  Use: Scroll            |       |       |       |    14 |     1 ||    15
       Potion            |       |       |       |       |     1 ||     1
Armor: Scale mail        |    36 |    10 |       |       |       ||    46
       Plate armour      |       |    39 |   136 |   172 |   185 ||   532
Dodge: Dodged            |    40 |    56 |   111 |   170 |   139 ||   516
Block: Buckler           |    16 |    27 |    53 |   190 |   164 ||   450
       Reflection        |       |       |       |    16 |     4 ||    20

Levels and vault maps discovered:
D:1:      lightli_iron_boxes, layout_basic
D:2:      layout_rooms, shapermc_ecumenical_altar_flowoftime
D:3:      layout_basic, uniq_natasha
D:4:      layout_rooms, serial_shops, nicolae_take_the_stairs,
          uniq_blork_the_orc
D:5:      layout_basic, minmay_temple_entry_stoned_glass, serial_shops,
          nicolae_lakefront_shop, grunt_ministairs_2,
          minmay_misc_feat_more_columns, kennysheep_generic_room_15
D:6:      layout_basic, serial_rivers, chequers_serial_rivers_small_a,
          chequers_serial_rivers_micro_c, chequers_serial_rivers_micro_d,
          chequers_serial_rivers_micro_b, chequers_serial_rivers_small_a
D:7:      layout_basic, chequers_temple_overflow_statue_of_worship,
          serial_shops, shop_statue, hellmonk_ghost_happy_afterlife,
          uniq_duvessa, uniq_joseph
D:8:      layout_loops_ring, amcnicky_altar_gilded, guppyfry_early_elven_hall,
          uniq_maurice
D:9:      kennysheep_blocky_room, layout_long_grid, erik_lair_orcish_takeover
D:10:     layout_stronghold, uniq_josephine, uniq_grum
D:11:     layout_stronghold, gauntlet_entry_generic, minmay_misc_feat_cross,
          serial_bayou_lake_a
D:12:     layout_roguey, zombieorc1_lemuel, chequers_serial_rivers_micro_c,
          nzn_sisyphean_effort
Temple:   compressed_dpeg_circular_temple
Orc:1:    layout_caves, nicolae_volcano_entry_two_sided, basic_altar,
          serial_shops, shop, shop, shop
Orc:2:    st_orc_ogre_mass, layout_diamond_mine, uniq_saint_roka

Notes
Turn   | Place    | Note
-------+----------+-------------------------------------------
     0 | D:1      | Sanktem7 the Formicid Fighter began the quest for the Orb.
     0 | D:1      | Reached XP level 1. HP: 18/18 MP: 1/1
     0 | D:1      | magus.rc [v1.9.6]
    10 | D:1      | You fall into a shaft and drop 1 floor!
    72 | D:2      | Reached XP level 2. HP: 22/24 MP: 2/2
   253 | D:2      | Found a faded altar of an unknown god.
   464 | D:2      | Reached XP level 3. HP: 23/29 MP: 3/3
   857 | D:1      | Reached skill level 3 in Axes
   857 | D:1      | Reached XP level 4. HP: 27/37 MP: 4/4
  1132 | D:1      | You pick up a book of Power and begin reading...
  1132 | D:1      | You add the spells Iskenderun's Battlesphere, Iron Shot and
                  | Spellforged Servitor to your library.
  1391 | D:3      | Found the +15 Maxwell's patent armour {-Cast -Tele rElec
                  | Will+ rCorr}
  1465 | D:3      | Noticed Natasha
  1468 | D:3      | Killed Natasha
  1469 | D:3      | Reached skill level 4 in Armour
  1469 | D:3      | Reached XP level 5. HP: 42/42 MP: 5/5
  1691 | D:3      | Noticed Natasha
  1703 | D:3      | Killed Natasha
  1704 | D:3      | Reached skill level 4 in Fighting
  1823 | D:3      | You pick up a book of Air and begin reading...
  1823 | D:3      | You add the spells Shock and Airstrike to your library.
  2011 | D:4      | Noticed Blork the orc
  2018 | D:4      | Reached skill level 5 in Shields
  2020 | D:4      | Reached XP level 6. HP: 43/48 MP: 6/6
  2024 | D:4      | Killed Blork the orc
  2025 | D:4      | Reached skill level 4 in Axes
  2127 | D:4      | Found Kagucra's Armour Boutique.
  2147 | D:4      | Reached XP level 7. HP: 54/55 MP: 7/7
  2445 | D:5      | Entered Level 5 of the Dungeon
  2531 | D:5      | Found Ozadgha's Antique Armour Boutique.
  2633 | D:5      | Reached skill level 5 in Axes
  2641 | D:5      | Reached skill level 5 in Armour
  2717 | D:5      | Found a staircase to the Ecumenical Temple.
  2771 | Temple   | Entered the Ecumenical Temple
  2923 | D:5      | Reached skill level 5 in Fighting
  2929 | D:5      | Reached skill level 6 in Shields
  3065 | D:5      | Reached XP level 8. HP: 62/62 MP: 8/8
  3245 | D:5      | You add the spells Alistair's Intoxication, Borgnjor's Vile
                  | Clutch and Eringya's Noxious Bog to your library.
  3742 | D:6      | Reached skill level 6 in Axes
  3820 | D:6      | You pick up a book of Lightning and begin reading...
  3820 | D:6      | You add the spells Static Discharge, Lightning Bolt and
                  | Maxwell's Capacitive Coupling to your library.
  4639 | D:7      | Reached skill level 6 in Armour
  4639 | D:7      | Reached skill level 7 in Shields
  4669 | D:7      | Found Cyud's General Store.
  4677 | D:7      | Reached skill level 6 in Fighting
  4692 | D:7      | Reached XP level 9. HP: 69/69 MP: 9/9
  4701 | D:7      | Bought a scroll of identify for 26 gold pieces
  4701 | D:7      | Bought 2 potions of curing for 78 gold pieces
  4702 | D:7      | Identified the +1 scale mail of Varoxzih {+Blink Int+5}
  4718 | D:7      | Reached skill level 7 in Axes
  4836 | D:7      | Found an iron altar of Okawaru.
  4837 | D:7      | Found a hide-covered altar of Uskayaw.
  4837 | D:7      | Found an ornate altar of the Wu Jian Council.
  4844 | D:7      | Became a worshipper of Warmaster Okawaru
  5068 | D:7      | Noticed Joseph
  5080 | D:7      | Killed Joseph
  5248 | D:7      | Identified the amulet "Kisy" {Reflect Int+4 SH+5}
  5316 | D:7      | Found a runed translucent door.
  5316 | D:7      | Noticed booth's ghost (novice GrMo)
  5628 | D:7      | Noticed Duvessa
  5628 | D:7      | Noticed Dowan
  5638 | D:7      | Killed Duvessa
  5639 | D:7      | Killed Dowan
  5640 | D:7      | Reached skill level 8 in Shields
  5655 | D:7      | Reached * piety under Okawaru
  5776 | D:7      | HP: 16/71 [booth's ghost (9)]
  5780 | D:7      | Killed booth's ghost
  5781 | D:7      | Reached skill level 7 in Fighting
  5781 | D:7      | Reached skill level 8 in Axes
  5781 | D:7      | Reached skill level 7 in Armour
  5781 | D:7      | Reached skill level 1 in Invocations
  6093 | D:8      | Found a basalt altar of Yredelemnul.
  6268 | D:8      | Noticed Maurice
  6279 | D:8      | Killed Maurice
  6279 | D:8      | Reached ** piety under Okawaru
  6280 | D:8      | Reached skill level 2 in Invocations
  6280 | D:8      | Reached XP level 10. HP: 75/79 MP: 11/11
  6375 | D:8      | Reached skill level 3 in Invocations
  6386 | D:8      | Reached skill level 9 in Axes
  6386 | D:8      | Reached skill level 9 in Shields
  6392 | D:8      | Reached *** piety under Okawaru
  6642 | D:8      | Identified a scroll of acquirement
  6642 | D:8      | Acquired the ring "Jyen" {+Blink rPois Slay+6}
  7023 | D:8      | Noticed a deep elf pyromancer
  7025 | D:8      | Killed a deep elf pyromancer
  7026 | D:8      | Reached skill level 4 in Invocations
  7069 | D:9      | Reached skill level 8 in Armour
  7152 | D:9      | Noticed a wizard
  7156 | D:9      | Killed a wizard
  7156 | D:9      | Reached **** piety under Okawaru
  7157 | D:9      | Reached skill level 8 in Fighting
  7160 | D:9      | Reached XP level 11. HP: 86/86 MP: 14/14
  7162 | D:9      | Noticed a manticore
  7173 | D:9      | Killed a manticore
  7174 | D:9      | Reached skill level 10 in Axes
  7440 | D:9      | Reached skill level 5 in Invocations
  7444 | D:9      | Reached skill level 10 in Shields
  7532 | D:9      | Found a staircase to the Lair.
  7689 | D:9      | Reached ***** piety under Okawaru
  7924 | D:9      | Reached skill level 9 in Armour
  8370 | D:9      | Acquired the amulet "Xalig" {Reflect rF++ rN+ Dex-5 SH+5}
  8417 | D:10     | Entered Level 10 of the Dungeon
  8470 | D:10     | Noticed Grum
  8480 | D:10     | Reached skill level 11 in Axes
  8483 | D:10     | Killed Grum
  8484 | D:10     | Reached skill level 9 in Fighting
  8562 | D:10     | You pick up a book of the Warp and begin reading...
  8562 | D:10     | You add the spells Dispersal and Disjunction to your
                  | library.
  8773 | D:10     | Noticed Josephine
  8787 | D:10     | Killed Josephine
  8788 | D:10     | Reached skill level 11 in Shields
  8788 | D:10     | Reached XP level 12. HP: 66/95 MP: 15/15
  8974 | D:10     | Received a gift from Okawaru
  9079 | D:10     | Identified the -1 pair of gloves "Patar" {Will++ Stlth-}
                  | (Okawaru gifted it to you on level 10 of the Dungeon)
  9079 | D:10     | Received a gift from Okawaru
  9515 | D:11     | Reached skill level 12 in Axes
  9522 | D:11     | Found a gate leading to a gauntlet.
  9530 | Gauntlet | Entered a Gauntlet
  9530 | Gauntlet | Found a transporter.
  9649 | Gauntlet | Found a transporter.
  9651 | Gauntlet | Found a transporter.
  9652 | Gauntlet | Found a transporter.
  9696 | Gauntlet | Found a transporter.
  9702 | Gauntlet | Reached skill level 10 in Armour
  9731 | Gauntlet | Found a transporter.
  9731 | Gauntlet | Found a transporter.
  9732 | Gauntlet | Noticed a death scarab
  9735 | Gauntlet | Identified the ring "Xaymposho" {Contam +Blink Will+ Int+4}
  9743 | Gauntlet | Found a transporter.
  9751 | Gauntlet | Found a transporter.
  9769 | Gauntlet | Killed a death scarab
  9770 | Gauntlet | Reached skill level 10 in Fighting
 10005 | Gauntlet | Found a transporter.
 10013 | Gauntlet | Noticed a hell hog
 10021 | Gauntlet | Found a runed translucent door.
 10022 | Gauntlet | Found a transporter.
 10023 | Gauntlet | Found a transporter.
 10023 | Gauntlet | Found a transporter.
 10029 | Gauntlet | Noticed a fire crab
 10037 | Gauntlet | Killed a hell hog
 10039 | Gauntlet | Reached skill level 1 in Throwing
 10051 | Gauntlet | Identified the +1 hat of Leapfrog {Rampage}
 10068 | Gauntlet | Reached skill level 12 in Shields
 10068 | Gauntlet | Found a transporter.
 10073 | Gauntlet | Killed a fire crab
 10078 | Gauntlet | Reached ****** piety under Okawaru
 10108 | Gauntlet | Noticed a minotaur
 10118 | Gauntlet | Killed a minotaur
 10119 | Gauntlet | Reached skill level 2 in Throwing
 10127 | Gauntlet | Identified the +1 leather armour of the Stonemason {Int+8
                  | Dex+6}
 10168 | D:11     | You pick up a book of Conjurations {@e2} and begin
                  | reading...
 10168 | D:11     | You add the spells Magic Dart, Searing Ray and Fulminant
                  | Prism to your library.
 10197 | D:11     | Noticed a two-headed ogre
 10206 | D:11     | Killed a two-headed ogre
 10207 | D:11     | Reached XP level 13. HP: 84/104 MP: 16/16
 10389 | D:11     | Reached skill level 13 in Axes
 11010 | D:11     | Received a gift from Okawaru
 11011 | D:11     | Reached skill level 3 in Throwing
 11013 | D:11     | W - a +5 executioner's axe of draining {axerare=g}
 11014 | D:11     | W - a +5 executioner's axe of draining (weapon) {axerare=g}
 11106 | D:11     | Identified the +1 leather armour of Brilliance {*Slow +Inv
                  | Int+4}
 11420 | D:12     | Reached skill level 11 in Armour
 11430 | D:12     | Found a staircase to the Orcish Mines.
 11697 | D:12     | Noticed a seven-headed hydra
 11700 | D:12     | Noticed a boulder beetle
 11701 | D:12     | Killed a ten-headed hydra
 11712 | D:12     | Killed a boulder beetle
 11773 | D:12     | Received a gift from Okawaru
 11789 | D:12     | Reached skill level 11 in Fighting
 11796 | D:12     | Reached skill level 13 in Shields
 12125 | D:12     | magus.rc [v1.9.6]
 12153 | Orc:1    | Entered Level 1 of the Orcish Mines
 12155 | Orc:1    | Found a radiant altar of Vehumet.
 12175 | Orc:1    | Found Wumyrah's Magic Scroll Shop.
 12255 | Orc:1    | Reached skill level 4 in Throwing
 12257 | Orc:1    | Noticed an ettin
 12259 | Orc:1    | HP: 19/106 [orc warrior/+0 trident (8)]
 12263 | Orc:1    | Killed an ettin
 12283 | Orc:1    | Found a dark tunnel.
 12292 | Volcano  | Entered a volcano
 12674 | Volcano  | Identified the +0 robe of Gin Oqoc {rC- MP+9 Str+7
                  | Archmagi} (Okawaru gifted it to you in a volcano)
 12674 | Volcano  | Received a gift from Okawaru
 12769 | Volcano  | Reached skill level 14 in Axes
 12831 | Volcano  | Reached XP level 14. HP: 93/113 MP: 17/17
 13021 | Orc:1    | Bought a scroll of enchant weapon for 75 gold pieces
 13021 | Orc:1    | your +5 executioner's axe of draining {axerare=g} glows red
                  | for a moment.
 13269 | Orc:1    | Found Eruozoi's Jewellery Shoppe.
 13334 | Orc:1    | Found Womemuts's Distillery.
 13341 | Orc:1    | Bought a potion of heal wounds for 70 gold pieces
 13481 | Orc:2    | Entered Level 2 of the Orcish Mines
 13515 | Orc:2    | Noticed an orc warlord
 13529 | Orc:2    | Killed an orc warlord
 13672 | Orc:2    | Found a staircase to the Elven Halls.
 13777 | Orc:2    | Noticed Saint Roka
 14060 | Orc:2    | HP: 24/113 [Saint Roka/divine providence (15)]
 14063 | Orc:2    | HP: 6/113 [orc warrior/+3 glaive[Saint Roka] (9)]
 14067 | Orc:2    | Slain by an orc warrior

Vanquished Creatures
  An orc warlord (Orc:2)
  A minotaur (Gauntlet)
  Josephine (D:10)
  An ettin (Orc:1)
  A boulder beetle (D:12)
  A hydra (D:12)
  3 two-headed ogres (D:11)
  A death scarab (Gauntlet)
  A hell hog (Gauntlet)
  A fire crab (Gauntlet)
  A spectral hydra (Gauntlet)
  The ghost of booth the Basher, a novice GrMo (D:7)
  A deep elf archer (Volcano)
  A wizard (D:9)
  A necromancer (Gauntlet)
  7 deep elf pyromancers
  An orc sorcerer (D:12)
  2 cyclopes
  2 manticores
  Maurice (D:8)
  2 unseen horrors
  Joseph (D:7)
  2 kobold demonologists
  A komodo dragon (D:10)
  5 slime creatures (D:10)
  3 trolls
  6 wraiths
  A water elemental (D:11)
  A shadow (D:10)
  2 wyverns
  A ynoxinul (Gauntlet)
  29 yaks
  10 fire bats (Gauntlet)
  Grum (D:10)
  A vampire (D:11)
  6 fire elementals (Volcano)
  5 vampire mosquitoes
  2 wargs (D:9)
  6 hell hounds
  Duvessa (D:7)
  A sky beast (D:7)
  15 orc warriors
  7 wolves
  7 centaurs
  4 ogres
  4 kobold brigands
  4 phantoms
  Blork the orc (D:4)
  4 bullfrogs
  A gnoll sergeant (D:9)
  A necrophage (D:6)
  2 scorpions
  9 wights
  Dowan (D:7)
  5 killer bees (D:11)
  8 electric eels (D:11)
  7 howler monkeys
  3 jellies
  13 orc priests
  4 hounds
  2 gnoll boudas
  2 iron imps (Gauntlet)
  14 orc wizards
  2 iguanas (D:5)
  Natasha (twice) (D:3)
  6 ogre zombies (D:12)
  5 adders
  13 gnolls
  A shadow imp (D:7)
  2 white imps
  3 dart slugs
  52 orcs
  7 bats
  9 endoplasms
  4 giant cockroaches
  9 goblins
  6 hobgoblins
  7 jackals
  21 kobolds
  4 quokkas
  8 ball pythons
  2 frilled lizards
  4 goblin zombies (D:12)
  5 hobgoblin zombies (D:12)
  2 orc skeletons (D:12)
  8 orc zombies (D:12)
417 creatures vanquished.

Vanquished Creatures (others)
  A deep elf pyromancer (Volcano)
  3 fungi (Gauntlet)
  3 plants
  A withered plant (Gauntlet)
8 creatures vanquished.

Grand Total: 425 creatures vanquished

Table legend:
 A = Non-vault XP
 B = Vault XP
 C = Vault XP percentage of total XP
 D = Non-vault monster count
 E = Vault monster count
 F = Vault count percentage of total count
                 A         B        C        D         E       F
            +---------+---------+-------+---------+---------+-------
      Total |   26802 |   22749 |  45.9 |     303 |     114 |  27.3
            +---------+---------+-------+---------+---------+-------
        D:1 |      64 |       0 |   0.0 |      26 |       0 |   0.0
        D:2 |      32 |       0 |   0.0 |      17 |       0 |   0.0
        D:3 |      57 |      35 |  38.0 |      11 |       1 |   8.3
        D:4 |     252 |      91 |  26.5 |      25 |       1 |   3.8
        D:5 |     582 |      59 |   9.2 |      17 |       4 |  19.0
        D:6 |     493 |       0 |   0.0 |      15 |       0 |   0.0
        D:7 |     825 |    1284 |  60.9 |      24 |       4 |  14.3
        D:8 |    2048 |     783 |  27.7 |      22 |       2 |   8.3
        D:9 |    3230 |    2590 |  44.5 |      23 |      15 |  39.5
       D:10 |    4181 |    2226 |  34.7 |      21 |       9 |  30.0
       D:11 |    4991 |       0 |   0.0 |      26 |       0 |   0.0
       D:12 |    4208 |    1902 |  31.1 |      22 |      30 |  57.7
      Orc:1 |    3496 |     125 |   3.5 |      39 |       1 |   2.5
      Orc:2 |    2343 |     208 |   8.2 |      15 |       6 |  28.6
    Volcano |       0 |    5833 | 100.0 |       0 |      17 | 100.0
   Gauntlet |       0 |    7613 | 100.0 |       0 |      24 | 100.0
            +---------+---------+-------+---------+---------+-------

Illustrated notes

Table legend:
 A = Kills in this place as a percentage of kills in entire the game.
 B = Kills by you in this place as a percentage of kills by you in the entire game.
 C = Kills by friends in this place as a percentage of kills by friends in the entire game.
 D = Other kills in this place as a percentage of other kills in the entire game.
 E = Experience gained in this place as a percentage of experience gained in the entire game.
 F = Experience gained in this place divided by the number of levels of this place that you have seen.
                   A       B       C       D       E      F
               +-------+-------+-------+-------+-------+----------------------
         Total | 100.0 | 100.0 |   N/A |   N/A | 100.0 | 2914.8
       Dungeon |  75.5 |  75.5 |   N/A |   N/A |  60.4 | 2494.4
  Orcish Mines |  14.6 |  14.6 |   N/A |   N/A |  12.5 | 3086.0
       Volcano |   4.1 |   4.1 |   N/A |   N/A |  11.8 | 5833.0
      Gauntlet |   5.8 |   5.8 |   N/A |   N/A |  15.4 | 7613.0
               +-------+-------+-------+-------+-------+----------------------

Table legend: (Time is in decaauts)
 A = Elapsed time spent in this place.
 B = Non-inter-level travel time spent in this place.
 C = Inter-level travel time spent in this place.
 D = Time resting spent in this place.
 E = Time spent auto-exploring this place.
 F = Levels seen in this place.
 G = Mean time per level.
                   A        B        C        D        E       F      G
               +--------+--------+--------+--------+--------+-----+--------+
         Total |  14249 |  13817 |    432 |   1147 |  10238 |  17 |  838.2 |
       Dungeon |  11577 |  11201 |    376 |    270 |   9171 |  12 |  964.8 |
        Temple |    130 |     93 |     37 |      0 |     78 |   1 |  130.0 |
  Orcish Mines |   1229 |   1210 |     19 |    350 |    583 |   2 |  614.5 |
       Volcano |    718 |    718 |      0 |    295 |    247 |   1 |  718.0 |
      Gauntlet |    592 |    592 |      0 |    232 |    159 |   1 |  592.0 |
               +--------+--------+--------+--------+--------+-----+--------+

Top non-repeatable levels by time:
     D:7: 1507 daAuts
     D:9: 1365 daAuts
    D:11: 1254 daAuts
     D:5: 1107 daAuts
    D:10: 1055 daAuts
     D:8: 970 daAuts
     D:6: 949 daAuts
   Orc:1: 888 daAuts
    D:12: 859 daAuts
 Volcano: 718 daAuts
     D:1: 708 daAuts
     D:2: 675 daAuts
     D:3: 654 daAuts
Gauntlet: 592 daAuts
     D:4: 468 daAuts
